 Dungeon Crawl Stone Soup version 0.28-a0-1447-ga5a8893891 (webtiles) character file.

Game seed: 13968200057776455888

2482 BaraMinh the Carver (level 9, -6/82 HPs)
             Began as a Minotaur Fighter on Jan 10, 2022.
             Mangled by a komodo dragon (10 damage)
             ... on level 7 of the Dungeon.
             The game lasted 01:12:31 (7866 turns).

BaraMinh the Carver (Minotaur Fighter)              Turns: 7866, Time: 01:12:31

Health: -6/82      AC: 14    Str: 24    XL:     9   Next: 27%
Magic:  17/17      EV: 10    Int:  5    God:
Gold:   303        SH:  6    Dex: 13    Spells: 8/8 levels left

rFire   + . .      SeeInvis .   a - +0 long sword
rCold   x . .      Faith    .   c - +0 buckler
rNeg    . . .      Spirit   .   m - +6 scale mail of Divine Creativity {Dex+2}
rPois   .          Reflect  .   (helmet restricted)
rElec   .          Harm     .   (no cloak)
rCorr   .          Rampage  .   (no gloves)
Will    .....                   (no boots)
Stlth   ..........              g - amulet of the acrobat
HPRegen 0.23/turn               r - ring of fire
MPRegen 0.15/turn               A - ring of magical power

@: no status effects
A: horns 2, retaliatory headbutt
a: no special abilities


You were on level 7 of the Dungeon.
You visited 2 branches of the dungeon, and saw 8 of its levels.

You collected 303 gold pieces.

Inventory:

Hand Weapons
 a - a +0 long sword (weapon)
 v - a +0 giant spiked club
 C - a +0 shortbow
 F - a +0 falchion
 G - a +2 hunting sling of freezing
Missiles
 f - 3 boomerangs (quivered)
 D - 32 arrows
Armour
 b - a +0 scale mail
 c - a +0 buckler (worn)
 m - the +6 scale mail of Divine Creativity (worn) {Dex+2}
   (You found it on level 2 of the Dungeon)

   Dex:       It affects your dexterity (+2).
 t - a +0 cloak
 u - a +0 leather armour
 z - a +2 chain mail of fire resistance
 H - a +1 leather armour of willpower
Magical Staves
 n - a staff of conjuration
Jewellery
 g - an amulet of the acrobat (around neck)
 r - a ring of fire (left hand)
 A - a ring of magical power (right hand)
 I - a ring of magical power
Wands
 B - a wand of iceblast (2)
Scrolls
 i - a scroll of fog {unknown}
 j - 2 scrolls of fear
 l - a scroll of vulnerability {unknown}
 p - 2 scrolls of amnesia {unknown}
 x - 2 scrolls of teleportation {unknown}
 y - a scroll of immolation
Potions
 d - a potion of might
 e - 5 potions of flight {unknown}
 h - 4 potions of curing {unknown}
 k - 2 potions of mutation {unknown}
 o - 3 potions of brilliance {unknown}
 q - 3 potions of heal wounds {unknown}
 s - 2 potions of invisibility {unknown}
 w - a potion of attraction {unknown}
 E - 2 potions of magic {unknown}


   Skills:
 - Level 8.4 Fighting
 + Level 8.5 Long Blades
 + Level 7.4 Armour
 + Level 2.4 Dodging
 + Level 8.1 Shields


You had 8 spell levels left.
You didn't know any spells.
Your spell library contained the following spells:

 Spells                   Type           Power      Damage    Failure   Level
 Foxfire                  Conj/Fire      0%         2x1d4     83%         1
 Slow                     Hex            0%         N/A       83%         1
 Confusing Touch          Hex            0%         N/A       99%         3
 Conjure Flame            Conj/Fire      0%         6-21      99%         3
 Ignite Poison            Fire/Tmut/Pois 0%         N/A       99%         3
 Inner Flame              Hex/Fire       0%         N/A       99%         3
 Vampiric Draining        Necr           0%         2d6       99%         3
 Flame Wave               Conj/Fire      0%         2d4       100%        4
 Sticky Flame             Conj/Fire      0%         2d3       100%        4


Dungeon Overview and Level Annotations

Branches:
Dungeon (7/15)             Temple (1/1) D:5

Altars:
Ashenzari
Dithmenos
Elyvilon
Fedhas
Gozag
Kikubaaqudgha
Makhleb
Okawaru
Qazlal
Ru
Sif Muna
Trog
Uskayaw
Vehumet
Xom
Yredelemnul
Zin
The Shining One


Innate Abilities, Weirdness & Mutations

You have a pair of horns on your head.
You reflexively headbutt those who attack you in melee.


Message History

Joseph is moderately wounded.
Joseph hits you with a +0 quarterstaff!
You barely miss Joseph.
Joseph is moderately wounded.
Joseph hits you with a +0 quarterstaff.
* * * LOW HITPOINT WARNING * * *
You closely miss Joseph.
Joseph is moderately wounded.
You block Joseph's attack.
You hit Joseph.
Joseph is moderately wounded.
You block Joseph's attack.
You slash Joseph!
Joseph is heavily wounded.
Joseph hits you with a +0 quarterstaff!
* * * LOW HITPOINT WARNING * * *
You slash Joseph! You headbutt Joseph.
Joseph is almost dead.
Joseph hits you with a +0 quarterstaff.
* * * LOW HITPOINT WARNING * * *
You slash Joseph!
You kill Joseph!
Your Dodging skill increases to level 2!
Your Shields skill increases to level 8!
Items here: ( )) [.
Items here: ( )) [.
G - a +2 hunting sling of freezing;
H - a +1 leather armour of willpower
I - a ring of magical power
There are no items here.
Found a smoky green potion.
A necrophage comes into view.
A komodo dragon comes into view.
The komodo dragon hisses angrily.
The necrophage misses you.
You closely miss the komodo dragon. The komodo dragon bites you!
* * * LOW HITPOINT WARNING * * *
You slash the komodo dragon!
The komodo dragon is moderately wounded.
The komodo dragon bites you!
You die...

### ... #.# #####.#
..##.# ###.##.#
....##.#############
..............nl@..#
.##.##.#####..####.#
###.##.# #..# #
....##.. ......
....##..#####.##.
######..# #.. ..
!..# #.## # ##< ##.#
#.# ...


You could see a komodo dragon and a necrophage.

Vanquished Creatures
  Joseph (D:7)
  Grinder (D:6)
  Sigmund (D:5)
  Menkaure (D:5)
  A steam dragon (D:4)
  An acid dragon (D:6)
  4 ogres
  A centaur (D:6)
  A bullfrog (D:7)
  2 scorpions
  2 water moccasin skeletons
  A bullfrog zombie (D:5)
  2 centaur zombies (D:6)
  2 bullfrog skeletons (D:4)
  3 hounds
  A centaur skeleton (D:6)
  An orc priest (D:5)
  Crazy Yiuf (D:3)
  2 iguanas
  3 orc wizards
  2 howler monkey zombies (D:6)
  A howler monkey skeleton (D:3)
  11 adders
  10 gnolls
  An ufetubus (D:5)
  3 adder skeletons
  2 worms (D:3)
  4 dart slugs
  12 orcs
  9 ball pythons
  4 bats
  6 endoplasms
  6 goblins
  4 hobgoblins
  3 quokkas
  2 frilled lizards
  7 kobolds
  5 rats
124 creatures vanquished.

Notes
Turn   | Place    | Note
-------+----------+-------------------------------------------
     0 | D:1      | BaraMinh the Minotaur Fighter began the quest for the Orb.
     0 | D:1      | Reached XP level 1. HP: 19/19 MP: 0/0
   259 | D:1      | Reached XP level 2. HP: 19/27 MP: 1/1
   268 | D:1      | Found a faded altar of an unknown god.
   736 | D:2      | Reached XP level 3. HP: 32/33 MP: 2/2
  1060 | D:2      | Identified the +6 scale mail of Divine Creativity {Dex+2}
  1708 | D:3      | Found a shimmering altar of Xom.
  1799 | D:3      | Reached XP level 4. HP: 41/41 MP: 3/3
  1806 | D:3      | Reached skill level 5 in Fighting
  1993 | D:3      | Found an opulent altar of Gozag.
  2155 | D:3      | Reached XP level 5. HP: 48/48 MP: 4/4
  2377 | D:3      | Found a runed translucent door.
  2378 | D:3      | Noticed Crazy Yiuf
  2470 | D:3      | Noticed an ogre
  2478 | D:3      | Killed an ogre
  2479 | D:3      | Reached skill level 5 in Long Blades
  2855 | D:3      | Killed Crazy Yiuf
  3018 | D:4      | Noticed an ogre
  3020 | D:4      | Reached XP level 6. HP: 56/57 MP: 5/5
  3054 | D:3      | Reached skill level 5 in Shields
  3204 | D:4      | Identified the +5 ring mail of Forking Paths {Rampage
                  | Int+2}
  3390 | D:4      | Found a broken altar of Ashenzari.
  3403 | D:4      | Reached XP level 7. HP: 53/64 MP: 6/6
  4125 | D:4      | Reached skill level 5 in Armour
  4201 | D:4      | Noticed a steam dragon
  4225 | D:4      | Killed a steam dragon
  4406 | D:5      | Entered Level 5 of the Dungeon
  4501 | D:5      | Reached XP level 8. HP: 49/73 MP: 7/7
  4843 | D:5      | Found a basalt altar of Yredelemnul.
  4916 | D:5      | Noticed Sigmund
  4928 | D:5      | Killed Sigmund
  5011 | D:5      | Noticed Menkaure
  5024 | D:5      | Killed Menkaure
  5133 | D:5      | Found a staircase to the Ecumenical Temple.
  5146 | Temple   | Entered the Ecumenical Temple
  7601 | D:6      | Noticed Grinder
  7608 | D:6      | Paralysed by Grinder for 2 turns
  7618 | D:6      | Killed Grinder
  7619 | D:6      | Reached skill level 1 in Dodging
  7619 | D:6      | Reached XP level 9. HP: 68/82 MP: 8/8
  7813 | D:7      | Noticed Joseph
  7829 | D:7      | Killed Joseph
  7860 | D:7      | Noticed a komodo dragon
  7865 | D:7      | HP: 4/82 [komodo dragon (11)]
  7866 | D:7      | Mangled by a komodo dragon

Illustrated notes

Levels and vault maps discovered:
D:1:      dpeg_arrival_fog, layout_loops_ring, chequers_ecumenical_altar_simple
D:2:      layout_loops_cross
D:3:      layout_loops_corners, overflow_temple_1_default,
          mainiacjoe_overflow_paths, dk_vineyard_3, uniq_crazy_yiuf_cottage
D:4:      minmay_razor_zed, layout_rooms, lemuel_crystal_altar
D:5:      layout_basic, lemuel_tele_altar, minmay_temple_entry_wispy,
          chequers_mini_garden, kennysheep_generic_room_11, uniq_menkaure,
          uniq_sigmund
D:6:      layout_rooms, enter_ossuary_1, minmay_misc_feat_cross, uniq_grinder
D:7:      layout_loops_cross, serial_shops, nicolae_shop_hallway_plus,
          uniq_joseph
Temple:   dpeg_chambers_temple

Skill      XL: |  1  2  3  4  5  6  7  8  9 |
---------------+----------------------------+-----
Fighting       | 4 5 6 7 8 |  8.4
Long Blades    | 3 4 5 6 8 |  8.5
Shields        | 4 5 6 7 8 |  8.1
Armour         | 4 5 6 7 |  7.4
Dodging        | 1 2 |  2.4

Action                   |  1- 3 |  4- 6 |  7- 9 || total
-------------------------+-------+-------+-------++-------
Melee: Long sword        |    53 |    88 |   224 ||   365
       Headbutt          |     6 |    14 |    46 ||    66
  Use: Scroll            |     2 |       |     1 ||     3
       Potion            |       |       |     1 ||     1
Armor: Scale mail        |    30 |    47 |   141 ||   218
Dodge: Dodged            |    29 |    64 |   107 ||   200
Block: Buckler           |    11 |    35 |    64 ||   110

Table legend: (Time is in decaauts)
 A = Elapsed time spent in this place.
 B = Non-inter-level travel time spent in this place.
 C = Inter-level travel time spent in this place.
 D = Time resting spent in this place.
 E = Time spent auto-exploring this place.
 F = Levels seen in this place.
 G = Mean time per level.
                   A        B        C        D        E       F      G
               +--------+--------+--------+--------+--------+-----+--------+
         Total |   7927 |   7556 |    371 |    571 |   2534 |   8 |  990.9 |
       Dungeon |   7468 |   7135 |    333 |    487 |   2534 |   7 | 1066.9 |
        Temple |    458 |    420 |     38 |     84 |      0 |   1 |  458.0 |
               +--------+--------+--------+--------+--------+-----+--------+

Top non-repeatable levels by time:
     D:3: 1876 daAuts
     D:5: 1646 daAuts
     D:4: 1369 daAuts
     D:2: 938 daAuts
     D:6: 855 daAuts
     D:1: 716 daAuts
  Temple: 458 daAuts
     D:7: 65 daAuts
